 Dungeon Crawl Stone Soup version 0.30-a0-360-g447f08457e (webtiles) character file.

Game seed: 15027108259846149687

28 kingsuperguy the Ogre Mage (level 3, -1/31 HPs)
             Began as an Ogre Fire Elementalist on Nov 14, 2022.
             Slain by a quokka (3 damage)
             ... on level 5 of the Dungeon.
             The game lasted 00:05:09 (1569 turns).

kingsuperguy the Ogre Mage (Ogre Fire Elementalist) Turns: 1569, Time: 00:05:10

Health: -1/31      AC:  3    Str: 12    XL:     3   Next: 14%
Magic:  4/7        EV: 10    Int: 18    God:
Gold:   22         SH:  0    Dex:  9    Spells: 5/8 levels left

rFire   . . .      SeeInvis .    l - +1 dagger (pain)
rCold   . . .      Faith    .    (no shield)
rNeg    . . .      Spirit   .    a - +0 robe
rPois   .          Reflect  .    (helmet restricted)
rElec   .          Harm     .    (no cloak)
rCorr   .          Rampage  .    (gloves unavailable)
Will    .....                    (boots unavailable)
Stlth   +.........               (no amulet)
HPRegen 0.25/turn                (no ring)
MPRegen 0.10/turn                (no ring)

@: no status effects
A: large, unfitting armour, tough skin 1
a: no special abilities


You were on level 5 of the Dungeon.
You visited 1 branch of the dungeon, and saw 5 of its levels.

You collected 22 gold pieces.

Inventory:

Hand Weapons
 h - a +0 dagger of protection
 l - a +1 dagger of pain (weapon)
Missiles
 c - 22 stones
 g - 8 poisoned darts
Armour
 a - a +0 robe (worn)
Jewellery
 k - an amulet of magic regeneration
Scrolls
 f - a scroll of vulnerability {unknown}
 j - a scroll of amnesia {unknown}
 m - 2 scrolls of acquirement
Potions
 b - a potion of magic
 d - 2 potions of heal wounds {unknown}
 e - a potion of brilliance {unknown}
 i - a potion of might {unknown}


   Skills:
 + Level 2.1 Dodging
 + Level 1.4 Stealth
 + Level 0.1 Unarmed Combat
 + Level 3.1 Spellcasting
 + Level 1.0 Conjurations
 + Level 3.0 Fire Magic


You had 5 spell levels left.
You knew the following spells:

 Your Spells              Type           Power      Damage    Failure   Level
a - Foxfire               Conj/Fire      40%        2x1d6     7%          1
b - Scorch                Fire           26%        2d6       7%          2

Your spell library contained the following spells:

 Spells                   Type           Power      Damage    Failure   Level
 Inner Flame              Hex/Fire       8%         N/A       26%         3
 Kindle Blastsparks       Fire/Tloc/Air  12%        2d11      32%         3
 Flame Wave               Conj/Fire      10%        2d6       56%         4


Dungeon Overview and Level Annotations

Branches:
Dungeon (5/15)
 Temple: D:4-7

Altars:

Shops:
D:4 **


Innate Abilities, Weirdness & Mutations

You are too large for most types of armour.
You have tough skin. (AC +1)


Message History

The ball python attacks as you move away!
The ball python closely misses you. The ball python bites you.
The ball python barely misses you.
An orc comes into view. It is wielding a +0 trident.
The orc shouts!
A quokka comes into view.
Found 6 stones.
A kobold comes into view.
It is wielding a +0 dagger and quivering poisoned darts.
A goblin comes into view. It is wielding a +0 club.
The ball python bites you.
The orc hits you from afar with a +0 trident.
The ball python attacks as you move away!
The ball python bites you.
Found 12 gold pieces.
The goblin shouts!
The orc hits you from afar with a +0 trident.
The ball python attacks as you move away!
The ball python barely misses you.
Found a stone staircase leading down.
The ball python attacks as you move away!
The ball python barely misses you. The quokka barely misses you.
An adder comes into view.
The quokka closely misses you.
Found a scroll labelled ISODUXAVENOA.
Found a stone staircase leading down.
The quokka barely misses you. The goblin hits you with a +0 club.
The orc hits you from afar with a +0 trident!
The ball python bites you. The quokka attacks as you move away!
The quokka barely misses you. The goblin hits you but does no damage.
The orc hits you from afar with a +0 trident!
* * * LOW HITPOINT WARNING * * *
The quokka attacks as you move away! The quokka barely misses you.
The quokka bites you.
* * * LOW HITPOINT WARNING * * *
There is a stone staircase leading down here.
You can't go up here!
The quokka barely misses you. The goblin barely misses you.
You climb downwards.
There is a stone staircase leading up here.
This is a scroll of acquirement!
Something appears at your feet! The quokka bites you.
You die...

###
#@#
#r#
#g#
#.#
..#
...
.##
..


You could see a quokka and a goblin.

Vanquished Creatures
  A worm (D:2)
  4 bats (D:1)
  2 endoplasms (D:1)
  3 goblins
  3 hobgoblins
  2 jackals (D:1)
  2 kobolds (D:1)
  A quokka (D:2)
  A ball python (D:2)
  4 rats
23 creatures vanquished.

Vanquished Creatures (others)
  55 foxfires
55 creatures vanquished.

Grand Total: 78 creatures vanquished

Notes
Turn   | Place    | Note
-------+----------+-------------------------------------------
     0 | D:1      | kingsuperguy the Ogre Fire Elementalist began the quest for
                  | the Orb.
     0 | D:1      | Reached XP level 1. HP: 16/16 MP: 3/3
   347 | D:1      | Reached XP level 2. HP: 9/24 MP: 1/5
  1410 | D:2      | Reached skill level 1 in Conjurations
  1415 | D:2      | Learned a level 2 spell: Scorch
  1474 | D:2      | Reached XP level 3. HP: 28/31 MP: 0/7
  1538 | D:4      | Found Res Taneesa's General Store.
  1540 | D:4      | Found Xegich's Specific Store.
  1568 | D:5      | Entered Level 5 of the Dungeon
  1569 | D:5      | Identified 3 scrolls of acquirement
  1569 | D:5      | Acquired the amulet of Eriosen {Regen+ Str-2 Int+7 Stlth+}
  1569 | D:5      | Slain by a quokka

Illustrated notes

Levels and vault maps discovered:
D:1:      onia_arrival_pentagram, layout_loops_corners, minmay_split_cup_large
D:2:      layout_basic
D:3:      layout_loops_cross
D:4:      layout_rooms, portal_sewer_entry_b, nicolae_specific_store
D:5:      layout_basic, yredelemnul_altar_generic, lemuel_round_altar,
          mainiacjoe_overflow_paths, temple_pool_b,
          minmay_guarded_unrand_staff_of_olgreb, uniq_crazy_yiuf_cottage

Skill      XL: |  1  2 |
---------------+-------+-----
Dodging        | 2 |  2.1
Fire Magic     | 3 |  3.0
Conjurations   | 1 |  1.0
Spellcasting   | 3 |  3.1
Stealth        | |  1.4
Unarmed Combat | |  0.1

Action                   || total
-------------------------++-------
Melee: Unarmed           ||    29
       Punch             ||     1
       Dagger            ||     6
 Cast: Foxfire           ||    50
       Scorch            ||     2
  Use: Scroll            ||     1
Armor: Robe              ||    37
Dodge: Dodged            ||    55

Table legend: (Time is in decaauts)
 A = Elapsed time spent in this place.
 B = Non-inter-level travel time spent in this place.
 C = Inter-level travel time spent in this place.
 D = Time resting spent in this place.
 E = Time spent auto-exploring this place.
 F = Levels seen in this place.
 G = Mean time per level.
                   A        B        C        D        E       F      G
               +--------+--------+--------+--------+--------+-----+--------+
         Total |   1567 |   1479 |     88 |     46 |   1018 |   5 |  313.4 |
       Dungeon |   1567 |   1479 |     88 |     46 |   1018 |   5 |  313.4 |
               +--------+--------+--------+--------+--------+-----+--------+

Top non-repeatable levels by time:
     D:1: 1400 daAuts
     D:2: 123 daAuts
     D:4: 31 daAuts
     D:3: 10 daAuts
     D:5: 0 daAuts
